 Dungeon Crawl Stone Soup version 0.24-a0-504-gcfb02b9d07 (webtiles) character file.

Game seed: 1549684006784293533

46 bmpenner the Shield-Bearer (level 3, 0/26 HPs)
             Began as an Octopode Fighter on July 16, 2019.
             Slain by a goblin
             ... wielding a +0 club
             ... led by Robin
              (6 damage)
             ... on level 2 of the Dungeon.
             The game lasted 00:01:46 (1449 turns).

bmpenner the Shield-Bearer (Octopode Fighter)       Turns: 1449, Time: 00:01:46

Health: 0/26       AC:  1    Str: 15    XL:     3   Next: 68%
Magic:  3/3        EV: 10    Int: 16    God:
Gold:   76         SH:  7    Dex: 11    Spells: 2/2 levels left

rFire    . . .     SeeInvis +   a - +0 long sword
rCold    . . .     Gourm    .   b - +0 shield
rNeg     . . .     Faith    .   (helmet restricted)
rPois    .         Spirit   .   (no amulet)
rElec    .         Reflect  .   z - ring of see invisible
rCorr    .         Harm     .   i - +5 ring of intelligence
MR       .....                  (no ring)
Stlth    ++........             (no ring)
HPRegen  0.08/turn              (no ring)
MPRegen  0.08/turn              (no ring)
                                (no ring)
                                (no ring)

@: heavily drained
A: almost no armour, stealthy swim, amphibious, 8 rings, constrict 8, camouflage
1, gelatinous body 1
a: no special abilities


You were on level 2 of the Dungeon.
You were not hungry.

You visited 1 branch of the dungeon, and saw 2 of its levels.

You collected 76 gold pieces.

Inventory:

Hand Weapons
 a - a +0 long sword (weapon)
Armour
 b - a +0 shield (worn)
Jewellery
 i - a +5 ring of intelligence (right tentacle)
   (You found it on level 1 of the Dungeon)
 z - a ring of see invisible (left tentacle)
   (You found it on level 1 of the Dungeon)
Scrolls
 d - a scroll of remove curse {unknown}
 f - 3 scrolls of identify {unknown}
 h - a scroll of blinking {unknown}
Potions
 c - a potion of might
 g - a potion of heal wounds {unknown}
Comestibles
 e - 5 rations {!d}
 j - a chunk of flesh


   Skills:
 + Level 3.2(1.6) Fighting
 * Level 2.8(1.2) Long Blades
 + Level 3.3(1.6) Dodging
 + Level 0.7(0.0) Stealth
 + Level 3.3(1.7) Shields


You had 2 spell levels left.
You didn't know any spells.
Your spell library was empty.

Dungeon Overview and Level Annotations

Branches:
Dungeon (2/15)

Altars:

Annotations:
D:2 Robin


Innate Abilities, Weirdness & Mutations

You cannot wear most types of armour.
You are very stealthy in the water. (Stealth+)
You are amphibious.
You can wear up to eight rings at the same time.
You can use your tentacles to constrict eight enemies at once.
Your skin changes colour to match your surroundings (Stealth+).
Your rubbery body absorbs attacks. (AC +1, EV +1)


Message History

The goblin shouts! x2; You hear a shout!
The goblin shouts!
A goblin comes into view. It is wielding a +0 club.
A goblin comes into view. It is wielding a +0 dagger.
A goblin comes into view. It is wielding a -1 club.
The goblin shouts! x2; You hear a shout!
Robin roars a battlecry!
The goblins go into a battle-frenzy!
You hear a shout!
A rat comes into view.
A bat comes into view.
The bat moves out of view.
Found a scroll labeled JAOCUE KOBOYSCH.
You block the bat's attack. The bat barely misses you.
You block the bat's attack. You block the goblin's attack.
The goblin no longer looks unusually strong.
You closely miss the bat. Your grab misses the bat.
Your squeeze misses the bat.
The goblin no longer looks unusually strong. x2
The bat closely misses you.
You riposte.
You barely miss the bat. Your grab misses the bat. Your squeeze misses the bat.
The bat hits you. The bat closely misses you.
You completely miss the bat. Your grab misses the bat. You squeeze the bat.
You kill the bat!
The goblin hits you with a +0 dagger.
You hit the goblin. You grab the goblin. You constrict the goblin.
You kill the goblin!
Robin throws the goblin at you! The goblin closely misses you.
You block the rat's attack.
You hit the rat.
You kill the rat!
The goblin no longer looks unusually strong.
Robin roars a battlecry!
The goblins go into a battle-frenzy!
You block the goblin's attack. The goblin hits you with a +0 club.
You hear a shout! x2
The goblin no longer looks unusually strong.
Robin throws the goblin at you! The goblin hits you but does no damage.
The goblin hits you with a +0 club.
* * * LOW HITPOINT WARNING * * *
You closely miss the goblin. Your grab misses the goblin.
The goblin no longer looks unusually strong.
Robin points. "Kill!"
The goblin hits you with a +0 dagger.
* * * LOW HITPOINT WARNING * * *
The goblin closely misses you.
Robin roars a battlecry!
The goblins go into a battle-frenzy!
The goblin hits you with a +0 club.
You die...

#..# #........#
#..#######[.#####.#
#...........# #..#######..# .
##....?# #..# ... .. ....#b#
#..#####>. ... #.#.#.#
#.........
....##.#.#g####.###...##
#.......g.ggg@#.# ...#
..#######..#####gg.# ...#
...g.#####.# #.#.###...#
...ggg.g...# #..#.รท....###
...g....##.# #.###.........
#.##.#.###.#####..#.##.######
#.#.###.......#.###.#
#.[......"..........#
#########.############


You could see Robin and 6 goblins.

Vanquished Creatures
  7 hobgoblins
  9 kobolds
  A quokka (D:2)
  6 bats
  3 frilled lizards
  11 goblins
  4 rats
41 creatures vanquished.

Notes
Turn   | Place    | Note
-------+----------+-------------------------------------------
     0 | D:1      | bmpenner the Octopode Fighter began the quest for the Orb.
     0 | D:1      | Reached XP level 1. HP: 16/16 MP: 1/1
   129 | D:1      | Reached XP level 2. HP: 20/21 MP: 2/2
   843 | D:1      | Reached XP level 3. HP: 26/26 MP: 3/3
  1356 | D:2      | Found a faded altar of an unknown god.
  1430 | D:2      | Noticed Robin
  1449 | D:2      | Slain by a goblin

Levels and vault maps discovered:
D:1:      lightli_arrival_isolated_outpost, layout_basic,
          chequers_serial_rivers_small_3, st_stairs_11
D:2:      layout_loops_ring, old_standard_altar, nicolae_ru_path_of_blood,
          gammafunk_temple_overflow_statue, chequers_ecumenical_altar_grove,
          uniq_robin

Action                   || total
-------------------------++-------
Melee: Long sword        ||    75
       Constrict         ||    24
       Tentacles         ||    17
 Stab: Sleeping          ||     3
  Eat: Chunk             ||     2
Armor: Skin              ||     6
Dodge: Dodged            ||    44
Block: Shield            ||    35
       Rpst.: Long sword ||    14

Table legend:
 A = Non-vault XP
 B = Vault XP
 C = Vault XP percentage of total XP
 D = Non-vault monster count
 E = Vault monster count
 F = Vault count percentage of total count
                 A         B        C        D         E       F
            +---------+---------+-------+---------+---------+-------
      Total |      61 |       6 |   9.0 |      37 |       4 |   9.8
            +---------+---------+-------+---------+---------+-------
        D:1 |      39 |       4 |   9.3 |      23 |       3 |  11.5
        D:2 |      22 |       2 |   8.3 |      14 |       1 |   6.7
            +---------+---------+-------+---------+---------+-------
